Senators vs Bruins

Created - 1 avril 2019 at 22:29

Goals
1 2 3 T
Senators 0 1 1 2
Bruins 1 0 2 3
Shots
1 2 3 T
Senators 10 8 10 28
Bruins 22 18 16 56

1st period

1. Bruins , Victor Hedman 8 (P.K. Subban 30, Tomas Plekanec 22) at 12:15 (PP)

Penalties :
Rickard Rakell (OTT) for Tripping (Minor) at 1:58, Robert Hagg (OTT) for Holding (Minor) at 4:08, Ben Harpur (OTT) for Tripping (Minor) at 12:01

2nd period

2. Senators , Eric Staal 46 (Rickard Rakell 36) at 18:35

Penalties :
Patrick Kane (OTT) for Hooking (Minor) at 3:56, Daniel Winnik (OTT) for Slashing (Double Minor) at 5:03

3rd period

3. Bruins , Jamie Benn 34 (Victor Hedman 47, P.K. Subban 31) at 12:54
4. Senators , Patrick Kane 26 (Vladimir Tarasenko 24, Alexander Wennberg 11) at 14:32 (PP)
5. Bruins , Jamie Benn 35 (Victor Hedman 48) at 19:40

Penalties :
Noah Hanifin (BOS) for Hooking (Minor) at 14:04

Goalie Stats

Craig Anderson (OTT), 53 saves from 56 shots - (0.946), L, 15-22-2, 60:00 minutes
Sergei Bobrovsky (BOS), 26 saves from 28 shots - (0.929), W, 36-24-5, 60:00 minutes

Players Stats for Senators

Player Name              G  A  P  +/- PIM S  H  SB GA TA FO     MP     PP MP  PK MP  
------------------------------------------------------------------------------------
Adam Larsson             0  0  0  -2  0   2  2  2  0  0  0/0    25:56   0:00   4:36 
Alexander Wennberg       0  1  1   0  0   0  0  0  0  0  10/24  16:53   0:28   0:32 
Ben Harpur               0  0  0   0  2   0  1  0  0  0  0/0    14:12   0:00   1:17 
Brian Gionta             0  0  0  -1  0   1  0  1  0  0  0/1    10:20   0:00   0:00 
Connor Brown             0  0  0  -1  0   1  0  1  0  0  0/0    10:28   0:00   0:08 
Connor Carrick           0  0  0   0  0   1  1  3  0  0  0/0    12:56   0:00   0:00 
Daniel Winnik            0  0  0  -1  4   0  0  0  0  0  10/24  12:31   0:00   2:11 
Eric Staal               1  0  1   0  0   3  0  1  0  0  17/30  20:33   0:00   2:03 
Jakob Chychrun           0  0  0  -2  0   1  1  3  0  0  0/0    25:56   0:00   4:36 
Jason Chimera            0  0  0   0  0   1  0  0  0  0  0/0    10:12   0:00   4:41 
Joel Ward                0  0  0   0  0   1  0  0  0  0  0/0     9:08   0:00   3:37 
Justin Falk              0  0  0   1  0   0  2  5  0  0  0/0    20:35   0:28   4:42 
Mark Stone               0  0  0   0  0   2  1  1  0  0  1/1    19:03   0:00   0:00 
Matt Stajan              0  0  0   0  0   2  0  0  0  0  12/21  10:02   0:00   4:31 
Patrick Kane             1  0  1   0  2   4  0  0  0  0  0/2    16:20   0:28   0:00 
Rickard Rakell           0  1  1   0  2   5  1  0  0  0  0/2    19:02   0:00   0:00 
Robert Hagg              0  0  0   1  2   0  7  5  0  0  0/0    19:17   0:28   3:25 
Vladimir Tarasenko       0  1  1   0  0   4  4  0  0  0  0/1    16:21   0:28   0:00 

Players Stats for Bruins

Player Name              G  A  P  +/- PIM S  H  SB GA TA FO     MP     PP MP  PK MP  
------------------------------------------------------------------------------------
Brendan Gallagher        0  0  0   0  0   4  2  1  0  0  1/2    22:54   4:47   0:28 
Brock Boeser             0  0  0   0  0   8  0  0  0  0  0/2    20:43   4:27   0:00 
Jake Debrusk             0  0  0   0  0   0  0  0  0  0  0/0     0:04   0:04   0:00 
Jamie Benn               2  0  2   1  0   7  2  0  0  0  19/31  26:29   4:47   0:28 
Joel Eriksson Ek         0  0  0   1  0   1  1  0  0  0  2/6     3:39   0:04   0:00 
Johan Larsson            0  0  0   0  0   2  3  0  0  0  10/23  12:44   0:00   0:00 
Jonas Brodin             0  0  0   0  0   0  0  1  0  0  0/0    10:50   0:00   0:00 
Kevin Fiala              0  0  0   1  0   0  1  0  0  0  0/0     3:35   0:00   0:00 
Markus Granlund          0  0  0   0  0   6  1  0  0  0  0/1    12:44   0:00   0:00 
Nick Schmaltz            0  0  0   0  0   1  0  0  0  0  3/5    22:26   4:47   0:00 
Nino Niederreiter        0  0  0   0  0   6  0  0  0  0  1/1    12:48   0:04   0:00 
Noah Hanifin             0  0  0   0  2   2  3  0  0  0  0/0    21:06   4:16   0:00 
P.K. Subban              0  2  2   1  0   3  1  5  0  0  0/0    28:03   5:02   0:28 
Paul Postma              0  0  0   0  0   1  1  0  0  0  0/0    10:50   0:00   0:00 
Ryan Spooner             0  0  0   0  0   5  1  0  0  0  0/3    20:43   4:27   0:00 
Tomas Plekanec           0  1  1   0  0   4  2  0  0  0  20/32  20:43   4:27   0:00 
Torey Krug               0  0  0   0  0   3  1  0  0  0  0/0    21:07   4:16   0:00 
Victor Hedman            1  2  3   1  0   3  1  2  0  0  0/0    28:03   5:02   0:28 

3 Stars

1 - Craig Anderson (OTT)
2 - Jamie Benn (BOS)
3 - Victor Hedman (BOS)

Power Play

Senators - 1 on 1 Attempt(s) - 100.00%
Bruins - 1 on 6 Attempt(s) - 16.67%

Penalty Kill

Senators - 5 on 6 Attempt(s) - 83.33% - Score 0 goal in Penalty Kill
Bruins - 0 on 1 Attempt(s) - 0.00% - Score 0 goal in Penalty Kill

Team Stat

Senators - Hits : 20 - Faceoff Wins : 50 - Blocked Shots : 22 - Penalty Minutes : 12
Bruins - Hits : 20 - Faceoff Wins : 56 - Blocked Shots : 9 - Penalty Minutes : 2

Official

Referees : Dennis LaRue and Wes McCauley
Linesman : Jay Sharrers and Tim Nowak

Game Notes

No Game Note

Finance

Level 1 -- Attendance: 6386 (98.25%) -- Ticket Income 702 460 $
Level 2 -- Attendance: 5000 (100.00%) -- Ticket Income 375 000 $
Level 3 -- Attendance: 3249 (92.83%) -- Ticket Income 181 944 $
Level 4 -- Attendance: 1565 (100.00%) -- Ticket Income 62 600 $
Luxury Box -- Attendance: 933 (93.30%) -- Ticket Income 185 667 $
Game was played at the TD Garden.
Total Attendance: 17133 (97.54%)
Total Ticket Income: 1 507 671 $
Other Income: 738 759 $
Total Income: 2 246 430 $

% Time on Ice - Senators

Lines # - Real PCT - Wanted PCT - Time Play
Normal Forward
1 - 36% - 40% - 18:11
2 - 32% - 30% - 15:53
3 - 21% - 20% - 10:20
4 - 11% - 10% - 5:31
Normal Defense
1 - 38% - 40% - 18:58
2 - 32% - 30% - 15:58
3 - 26% - 20% - 12:56
4 - 4% - 10% - 2:03
PP Forward
1 - 0% - 60% - 0:00
2 - 100% - 40% - 0:28
PP Defense
1 - 0% - 60% - 0:00
2 - 100% - 40% - 0:28
PK Forward
1 - 57% - 60% - 4:49
2 - 43% - 40% - 3:37
PK Defense
1 - 53% - 60% - 4:26
2 - 47% - 40% - 4:00
PK3 Forward
1 - 73% - 60% - 0:38
2 - 27% - 40% - 0:14
PK3 Defense
1 - 19% - 60% - 0:10
2 - 81% - 40% - 0:42
44 Forward
1 - 0% - 60%
2 - 0% - 40%
44 Defense
1 - 0% - 60%
2 - 0% - 40%
Last Minute Offensive  - 0:19
Last Minute Defensive  - 0:00
Total
Forward - 60:00
Defense - 60:00

% Time on Ice - Bruins

Lines # - Real PCT - Wanted PCT - Time Play
Normal Forward
1 - 35% - 40% - 17:20
2 - 33% - 30% - 16:16
3 - 26% - 20% - 12:44
4 - 7% - 10% - 3:35
Normal Defense
1 - 39% - 40% - 19:25
2 - 34% - 30% - 16:51
3 - 22% - 20% - 10:50
4 - 6% - 10% - 2:49
PP Forward
1 - 52% - 60% - 4:51
2 - 48% - 40% - 4:27
PP Defense
1 - 54% - 60% - 5:02
2 - 46% - 40% - 4:16
PK Forward
1 - 100% - 60% - 0:28
2 - 0% - 40% - 0:00
PK Defense
1 - 100% - 60% - 0:28
2 - 0% - 40% - 0:00
PK3 Forward
1 - 0% - 60%
2 - 0% - 40%
PK3 Defense
1 - 0% - 60%
2 - 0% - 40%
44 Forward
1 - 0% - 60%
2 - 0% - 40%
44 Defense
1 - 0% - 60%
2 - 0% - 40%
Last Minute Offensive  - 0:00
Last Minute Defensive  - 0:19
Total
Forward - 60:00
Defense - 60:00

Play-by-Play

1st period


0:01 of 1st period - Eric Staal wins face-off versus Jamie Benn in neutral zone.
0:04 of 1st period - Shot by Rickard Rakell.
0:04 of 1st period - Shot Misses the Net.
0:17 of 1st period - Icing by Jamie Benn.
0:18 of 1st period - Alexander Wennberg wins face-off versus Brendan Gallagher in Bruins zone.
0:19 of 1st period - Shot by Patrick Kane.
0:19 of 1st period - Stopped by Sergei Bobrovsky without a rebound.
0:20 of 1st period - Alexander Wennberg wins face-off versus Tomas Plekanec in Bruins zone.
0:25 of 1st period - Shot by Patrick Kane.
0:25 of 1st period - Deflect By Vladimir Tarasenko.
0:25 of 1st period - Stopped by Sergei Bobrovsky without a rebound.
0:26 of 1st period - Daniel Winnik wins face-off versus Johan Larsson in Bruins zone.
0:30 of 1st period - Icing by Jonas Brodin.
0:31 of 1st period - Matt Stajan wins face-off versus Johan Larsson in Bruins zone.
0:38 of 1st period - Shot by Matt Stajan.
0:38 of 1st period - Stopped by Sergei Bobrovsky without a rebound.
0:39 of 1st period - Tomas Plekanec wins face-off versus Alexander Wennberg in Bruins zone.
0:43 of 1st period - Torey Krug is hit by Robert Hagg and loses puck.
0:58 of 1st period - Shot by Vladimir Tarasenko.
0:58 of 1st period - Stopped by Sergei Bobrovsky without a rebound.
0:59 of 1st period - Daniel Winnik wins face-off versus Joel Eriksson Ek in Bruins zone.
0:59 of 1st period - Connor Brown is hit by Victor Hedman and loses puck.
1:32 of 1st period - Shot by Jamie Benn.
1:32 of 1st period - Shot Hit the Post.
1:39 of 1st period - Brian Gionta is hit by Joel Eriksson Ek.
1:58 of 1st period - Minor Penalty to Rickard Rakell for Tripping.
1:59 of 1st period - Tomas Plekanec wins face-off versus Matt Stajan in Senators zone.
1:59 of 1st period - Brock Boeser is hit by Robert Hagg and loses puck.
2:12 of 1st period - Shot by Noah Hanifin.
2:12 of 1st period - Stopped by Craig Anderson without a rebound.
2:13 of 1st period - Matt Stajan wins face-off versus Jamie Benn in Senators zone.
2:44 of 1st period - Daniel Winnik is hit by Jamie Benn and loses puck.
2:57 of 1st period - Shot by Victor Hedman.
2:57 of 1st period - Shot Blocked by Justin Falk.
2:59 of 1st period - Shot by Tomas Plekanec.
2:59 of 1st period - Shot Misses the Net.
3:01 of 1st period - Shot by P.K. Subban.
3:01 of 1st period - Shot Misses the Net.
3:03 of 1st period - Shot by Tomas Plekanec.
3:03 of 1st period - Deflect By Ryan Spooner.
3:03 of 1st period - Stopped by Craig Anderson without a rebound.
3:04 of 1st period - Matt Stajan wins face-off versus Tomas Plekanec in Senators zone.
3:21 of 1st period - Shot by P.K. Subban.
3:21 of 1st period - Deflect By Brock Boeser.
3:21 of 1st period - Shot Misses the Net.
3:35 of 1st period - Shot by Victor Hedman.
3:35 of 1st period - Stopped by Craig Anderson without a rebound.
3:36 of 1st period - Matt Stajan wins face-off versus Jamie Benn in Senators zone.
3:49 of 1st period - Shot by Torey Krug.
3:49 of 1st period - Stopped by Craig Anderson with a rebound.
4:08 of 1st period - Minor Penalty to Robert Hagg for Holding.
4:09 of 1st period - Daniel Winnik wins face-off versus Tomas Plekanec in Senators zone.
4:31 of 1st period - Shot by Victor Hedman.
4:31 of 1st period - Shot Misses the Net.
4:33 of 1st period - Shot by Tomas Plekanec.
4:33 of 1st period - Shot Misses the Net.
4:45 of 1st period - Shot by P.K. Subban.
4:45 of 1st period - Stopped by Craig Anderson without a rebound.
4:46 of 1st period - Brendan Gallagher wins face-off versus Matt Stajan in Senators zone.
5:06 of 1st period - Shot by Jamie Benn.
5:06 of 1st period - Stopped by Craig Anderson without a rebound.
5:07 of 1st period - Nick Schmaltz wins face-off versus Matt Stajan in Senators zone.
6:09 of 1st period - Brock Boeser is hit by Jakob Chychrun and loses puck.
6:21 of 1st period - Icing by Adam Larsson.
6:22 of 1st period - Eric Staal wins face-off versus Johan Larsson in Senators zone.
6:22 of 1st period - Eric Staal is hit by Johan Larsson.
6:27 of 1st period - Icing by Mark Stone.
6:28 of 1st period - Tomas Plekanec wins face-off versus Eric Staal in Senators zone.
6:35 of 1st period - Shot by Brock Boeser.
6:35 of 1st period - Stopped by Craig Anderson without a rebound.
6:36 of 1st period - Tomas Plekanec wins face-off versus Alexander Wennberg in Senators zone.
6:41 of 1st period - Shot by Brock Boeser.
6:41 of 1st period - Stopped by Craig Anderson without a rebound.
6:42 of 1st period - Nick Schmaltz wins face-off versus Eric Staal in Senators zone.
6:42 of 1st period - Nick Schmaltz is hit by Adam Larsson.
6:46 of 1st period - Shot by Jamie Benn.
6:46 of 1st period - Stopped by Craig Anderson with a rebound.
6:53 of 1st period - Jamie Benn is hit by Adam Larsson and loses puck.
7:14 of 1st period - Victor Hedman is hit by Rickard Rakell and loses puck.
7:42 of 1st period - Shot by Alexander Wennberg.
7:42 of 1st period - Shot Misses the Net.
7:44 of 1st period - Shot by Alexander Wennberg.
7:44 of 1st period - Shot Blocked by P.K. Subban.
7:46 of 1st period - Shot by Patrick Kane.
7:46 of 1st period - Shot Misses the Net.
8:06 of 1st period - Shot by Patrick Kane.
8:06 of 1st period - Stopped by Sergei Bobrovsky with a rebound.
8:35 of 1st period - Shot by Noah Hanifin.
8:35 of 1st period - Stopped by Craig Anderson without a rebound.
8:36 of 1st period - Matt Stajan wins face-off versus Ryan Spooner in Senators zone.
8:36 of 1st period - Matt Stajan is hit by Tomas Plekanec.
9:08 of 1st period - Icing by Matt Stajan.
9:09 of 1st period - Matt Stajan wins face-off versus Johan Larsson in Senators zone.
9:29 of 1st period - Icing by Adam Larsson.
9:30 of 1st period - Matt Stajan wins face-off versus Tomas Plekanec in Senators zone.
9:30 of 1st period - Matt Stajan is hit by Tomas Plekanec.
10:50 of 1st period - Johan Larsson is hit by Justin Falk and loses puck.
10:58 of 1st period - Nino Niederreiter is hit by Robert Hagg and loses puck.
11:25 of 1st period - Connor Carrick is hit by Kevin Fiala and loses puck.
11:36 of 1st period - Shot by Jamie Benn.
11:36 of 1st period - Stopped by Craig Anderson without a rebound.
11:37 of 1st period - Jamie Benn wins face-off versus Daniel Winnik in Senators zone.
11:37 of 1st period - Jamie Benn is hit by Ben Harpur.
11:45 of 1st period - Shot by Jamie Benn.
11:45 of 1st period - Shot Misses the Net.
12:01 of 1st period - Minor Penalty to Ben Harpur for Tripping.
12:02 of 1st period - Tomas Plekanec wins face-off versus Daniel Winnik in Senators zone.
12:03 of 1st period - Shot by Torey Krug.
12:03 of 1st period - Stopped by Craig Anderson without a rebound.
12:04 of 1st period - Tomas Plekanec wins face-off versus Daniel Winnik in Senators zone.
12:05 of 1st period - Shot by Torey Krug.
12:05 of 1st period - Stopped by Craig Anderson without a rebound.
12:06 of 1st period - Tomas Plekanec wins face-off versus Daniel Winnik in Senators zone.
12:07 of 1st period - Shot by Torey Krug.
12:07 of 1st period - Shot Blocked by Robert Hagg.
12:09 of 1st period - Shot by Brock Boeser.
12:09 of 1st period - Stopped by Craig Anderson without a rebound.
12:10 of 1st period - Tomas Plekanec wins face-off versus Matt Stajan in Senators zone.
12:10 of 1st period - Victor Hedman is hit by Robert Hagg and loses puck.
12:13 of 1st period - Shot by P.K. Subban.
12:13 of 1st period - Stopped by Craig Anderson with a rebound.
12:15 of 1st period - Shot by Victor Hedman.
12:15 of 1st period - Goal by Victor Hedman - Senators : 0 - Bruins : 1.
12:16 of 1st period - Jamie Benn wins face-off versus Eric Staal in neutral zone.
12:31 of 1st period - Shot by Jamie Benn.
12:31 of 1st period - Shot Misses the Net.
12:53 of 1st period - Shot by Eric Staal.
12:53 of 1st period - Shot Misses the Net.
12:58 of 1st period - Off-side.
12:59 of 1st period - Alexander Wennberg wins face-off versus Tomas Plekanec in neutral zone.
12:59 of 1st period - Vladimir Tarasenko is hit by Ryan Spooner and loses puck.
13:36 of 1st period - Icing by Tomas Plekanec.
13:37 of 1st period - Tomas Plekanec wins face-off versus Daniel Winnik in Bruins zone.
13:46 of 1st period - Shot by Brian Gionta.
13:46 of 1st period - Stopped by Sergei Bobrovsky without a rebound.
13:47 of 1st period - Eric Staal wins face-off versus Jamie Benn in Bruins zone.
14:07 of 1st period - Shot by Brendan Gallagher.
14:07 of 1st period - Shot Blocked by Eric Staal.
14:09 of 1st period - Shot by Brendan Gallagher.
14:09 of 1st period - Stopped by Craig Anderson without a rebound.
14:10 of 1st period - Johan Larsson wins face-off versus Alexander Wennberg in Senators zone.
14:17 of 1st period - Shot by Johan Larsson.
14:17 of 1st period - Shot Blocked by Jakob Chychrun.
14:29 of 1st period - Shot by Johan Larsson.
14:29 of 1st period - Shot Misses the Net.
14:35 of 1st period - Shot by Markus Granlund.
14:35 of 1st period - Stopped by Craig Anderson with a rebound.
14:37 of 1st period - Shot by Johan Larsson.
14:37 of 1st period - Deflect By Markus Granlund.
14:37 of 1st period - Stopped by Craig Anderson with a rebound.
14:39 of 1st period - Shot by Johan Larsson.
14:39 of 1st period - Deflect By Nino Niederreiter.
14:39 of 1st period - Stopped by Craig Anderson without a rebound.
14:40 of 1st period - Jamie Benn wins face-off versus Eric Staal in Senators zone.
15:52 of 1st period - Shot by Alexander Wennberg.
15:52 of 1st period - Shot Misses the Net.
16:04 of 1st period - Shot by Vladimir Tarasenko.
16:04 of 1st period - Stopped by Sergei Bobrovsky with a rebound.
16:15 of 1st period - Alexander Wennberg is hit by P.K. Subban and loses puck.
16:18 of 1st period - Shot by Adam Larsson.
16:18 of 1st period - Stopped by Sergei Bobrovsky without a rebound.
16:19 of 1st period - Johan Larsson wins face-off versus Daniel Winnik in Bruins zone.
16:27 of 1st period - Icing by Jonas Brodin.
16:28 of 1st period - Matt Stajan wins face-off versus Markus Granlund in Bruins zone.
16:31 of 1st period - Shot by Joel Ward.
16:31 of 1st period - Deflect By Matt Stajan.
16:31 of 1st period - Stopped by Sergei Bobrovsky without a rebound.
16:32 of 1st period - Jamie Benn wins face-off versus Daniel Winnik in Bruins zone.
17:04 of 1st period - Icing by Daniel Winnik.
17:05 of 1st period - Johan Larsson wins face-off versus Daniel Winnik in Senators zone.
17:23 of 1st period - Icing by Robert Hagg.
17:24 of 1st period - Tomas Plekanec wins face-off versus Daniel Winnik in Senators zone.
17:37 of 1st period - Shot by Brock Boeser.
17:37 of 1st period - Shot Blocked by Connor Brown.
17:39 of 1st period - Shot by Tomas Plekanec.
17:39 of 1st period - Shot Blocked by Robert Hagg.
17:52 of 1st period - Icing by Justin Falk.
17:53 of 1st period - Jamie Benn wins face-off versus Daniel Winnik in Senators zone.
18:04 of 1st period - Shot by Brendan Gallagher.
18:04 of 1st period - Deflect By Jamie Benn.
18:04 of 1st period - Shot Blocked by Justin Falk.
18:22 of 1st period - Shot by Rickard Rakell.
18:22 of 1st period - Stopped by Sergei Bobrovsky without a rebound.
18:23 of 1st period - Nino Niederreiter wins face-off versus Alexander Wennberg in Bruins zone.
18:34 of 1st period - Vladimir Tarasenko is hit by Johan Larsson and loses puck.
18:41 of 1st period - Shot by Nino Niederreiter.
18:41 of 1st period - Deflect By Markus Granlund.
18:41 of 1st period - Stopped by Craig Anderson without a rebound.
18:42 of 1st period - Tomas Plekanec wins face-off versus Eric Staal in Senators zone.
19:23 of 1st period - Shot by Brock Boeser.
19:23 of 1st period - Stopped by Craig Anderson with a rebound.
Goals for this period are 0 for Senators vs 1 for Bruins.
Shots for this period are 10 for Senators vs 22 for Bruins.

2nd period


0:01 of 2nd period - Eric Staal wins face-off versus Jamie Benn in neutral zone.
0:10 of 2nd period - Shot by Eric Staal.
0:10 of 2nd period - Shot Misses the Net.
0:12 of 2nd period - Shot by Mark Stone.
0:12 of 2nd period - Deflect By Eric Staal.
0:12 of 2nd period - Stopped by Sergei Bobrovsky with a rebound.
0:28 of 2nd period - Victor Hedman is hit by Mark Stone and loses puck.
1:23 of 2nd period - Shot by Ryan Spooner.
1:23 of 2nd period - Stopped by Craig Anderson without a rebound.
1:24 of 2nd period - Johan Larsson wins face-off versus Daniel Winnik in Senators zone.
1:27 of 2nd period - Shot by Markus Granlund.
1:27 of 2nd period - Shot Misses the Net.
1:37 of 2nd period - Shot by Jonas Brodin.
1:37 of 2nd period - Shot Blocked by Connor Carrick.
1:59 of 2nd period - Shot by Johan Larsson.
1:59 of 2nd period - Stopped by Craig Anderson without a rebound.
2:00 of 2nd period - Alexander Wennberg wins face-off versus Joel Eriksson Ek in Senators zone.
2:00 of 2nd period - Alexander Wennberg is hit by Jamie Benn.
2:13 of 2nd period - P.K. Subban is hit by Robert Hagg and loses puck.
2:36 of 2nd period - Shot by Kevin Fiala.
2:36 of 2nd period - Shot Blocked by Justin Falk.
2:41 of 2nd period - Jamie Benn is hit by Robert Hagg and loses puck.
3:12 of 2nd period - Shot by Mark Stone.
3:12 of 2nd period - Stopped by Sergei Bobrovsky without a rebound.
3:13 of 2nd period - Daniel Winnik wins face-off versus Johan Larsson in Bruins zone.
3:28 of 2nd period - Shot by Nino Niederreiter.
3:28 of 2nd period - Stopped by Craig Anderson without a rebound.
3:29 of 2nd period - Jamie Benn wins face-off versus Eric Staal in Senators zone.
3:32 of 2nd period - Shot by Brendan Gallagher.
3:32 of 2nd period - Stopped by Craig Anderson without a rebound.
3:33 of 2nd period - Eric Staal wins face-off versus Tomas Plekanec in Senators zone.
3:40 of 2nd period - Shot by Eric Staal.
3:40 of 2nd period - Shot Misses the Net.
3:47 of 2nd period - Off-side.
3:48 of 2nd period - Jamie Benn wins face-off versus Alexander Wennberg in neutral zone.
3:50 of 2nd period - Torey Krug is hit by Vladimir Tarasenko and loses puck.
3:56 of 2nd period - Minor Penalty to Patrick Kane for Hooking.
3:57 of 2nd period - Nick Schmaltz wins face-off versus Matt Stajan in Senators zone.
4:02 of 2nd period - Shot by Jamie Benn.
4:02 of 2nd period - Stopped by Craig Anderson without a rebound.
4:03 of 2nd period - Jamie Benn wins face-off versus Matt Stajan in Senators zone.
4:36 of 2nd period - Shot by P.K. Subban.
4:36 of 2nd period - Shot Blocked by Adam Larsson.
4:56 of 2nd period - Icing by Noah Hanifin.
4:57 of 2nd period - Tomas Plekanec wins face-off versus Daniel Winnik in Bruins zone.
5:03 of 2nd period - Double Minor Penalty to Daniel Winnik for Slashing.
5:04 of 2nd period - Matt Stajan wins face-off versus Ryan Spooner in Senators zone.
5:17 of 2nd period - Shot by Torey Krug.
5:17 of 2nd period - Deflect By Brock Boeser.
5:17 of 2nd period - Stopped by Craig Anderson without a rebound.
5:18 of 2nd period - Eric Staal wins face-off versus Jamie Benn in Senators zone.
6:18 of 2nd period - Icing by Noah Hanifin.
6:19 of 2nd period - Tomas Plekanec wins face-off versus Eric Staal in Bruins zone.
6:26 of 2nd period - Shot by Torey Krug.
6:26 of 2nd period - Shot Misses the Net.
6:28 of 2nd period - Shot by Tomas Plekanec.
6:28 of 2nd period - Stopped by Craig Anderson without a rebound.
6:29 of 2nd period - Matt Stajan wins face-off versus Tomas Plekanec in Senators zone.
7:04 of 2nd period - Shot by Jason Chimera.
7:04 of 2nd period - Shot Blocked by P.K. Subban.
7:42 of 2nd period - Shot by Torey Krug.
7:42 of 2nd period - Shot Blocked by Justin Falk.
7:44 of 2nd period - Shot by Noah Hanifin.
7:44 of 2nd period - Shot Misses the Net.
7:46 of 2nd period - Shot by Nick Schmaltz.
7:46 of 2nd period - Shot Blocked by Robert Hagg.
7:48 of 2nd period - Shot by Nick Schmaltz.
7:48 of 2nd period - Shot Blocked by Robert Hagg.
7:50 of 2nd period - Shot by Nick Schmaltz.
7:50 of 2nd period - Stopped by Craig Anderson without a rebound.
7:51 of 2nd period - Jamie Benn wins face-off versus Eric Staal in Senators zone.
8:44 of 2nd period - Shot by Noah Hanifin.
8:44 of 2nd period - Shot Blocked by Robert Hagg.
8:52 of 2nd period - Shot by Ryan Spooner.
8:52 of 2nd period - Shot Hit the Post.
8:54 of 2nd period - Shot by Tomas Plekanec.
8:54 of 2nd period - Stopped by Craig Anderson with a rebound.
9:28 of 2nd period - Shot by Markus Granlund.
9:28 of 2nd period - Shot Misses the Net.
9:30 of 2nd period - Shot by Nino Niederreiter.
9:30 of 2nd period - Stopped by Craig Anderson with a rebound.
9:32 of 2nd period - Shot by Johan Larsson.
9:32 of 2nd period - Deflect By Nino Niederreiter.
9:32 of 2nd period - Shot Blocked by Connor Carrick.
9:34 of 2nd period - Shot by Paul Postma.
9:34 of 2nd period - Stopped by Craig Anderson without a rebound.
9:35 of 2nd period - Joel Eriksson Ek wins face-off versus Patrick Kane in Senators zone.
9:39 of 2nd period - Icing by Adam Larsson.
9:40 of 2nd period - Joel Eriksson Ek wins face-off versus Alexander Wennberg in Senators zone.
9:51 of 2nd period - Shot by Joel Eriksson Ek.
9:51 of 2nd period - Stopped by Craig Anderson without a rebound.
9:52 of 2nd period - Eric Staal wins face-off versus Johan Larsson in Senators zone.
9:52 of 2nd period - Eric Staal is hit by Markus Granlund.
9:59 of 2nd period - Mark Stone is hit by Noah Hanifin and loses puck.
10:21 of 2nd period - Shot by Nino Niederreiter.
10:21 of 2nd period - Stopped by Craig Anderson with a rebound.
10:23 of 2nd period - Shot by Johan Larsson.
10:23 of 2nd period - Stopped by Craig Anderson with a rebound.
10:25 of 2nd period - Shot by Markus Granlund.
10:25 of 2nd period - Deflect By Nino Niederreiter.
10:25 of 2nd period - Stopped by Craig Anderson without a rebound.
10:26 of 2nd period - Alexander Wennberg wins face-off versus Nick Schmaltz in Senators zone.
10:26 of 2nd period - Alexander Wennberg is hit by Brendan Gallagher.
11:26 of 2nd period - Icing by Patrick Kane.
11:27 of 2nd period - Alexander Wennberg wins face-off versus Tomas Plekanec in Senators zone.
12:21 of 2nd period - Shot by Rickard Rakell.
12:21 of 2nd period - Stopped by Sergei Bobrovsky without a rebound.
12:22 of 2nd period - Daniel Winnik wins face-off versus Johan Larsson in Bruins zone.
12:23 of 2nd period - Shot by Connor Brown.
12:23 of 2nd period - Shot Misses the Net.
12:39 of 2nd period - Shot by Markus Granlund.
12:39 of 2nd period - Stopped by Craig Anderson without a rebound.
12:40 of 2nd period - Jamie Benn wins face-off versus Eric Staal in Senators zone.
12:45 of 2nd period - Shot by Jamie Benn.
12:45 of 2nd period - Shot Blocked by Justin Falk.
12:51 of 2nd period - Shot by P.K. Subban.
12:51 of 2nd period - Stopped by Craig Anderson without a rebound.
12:52 of 2nd period - Daniel Winnik wins face-off versus Johan Larsson in Senators zone.
12:52 of 2nd period - Connor Carrick is hit by Johan Larsson and loses puck.
13:43 of 2nd period - Daniel Winnik is hit by Brendan Gallagher and loses puck.
13:56 of 2nd period - Shot by Mark Stone.
13:56 of 2nd period - Shot Blocked by Victor Hedman.
13:58 of 2nd period - Shot by Rickard Rakell.
13:58 of 2nd period - Stopped by Sergei Bobrovsky without a rebound.
13:59 of 2nd period - Tomas Plekanec wins face-off versus Rickard Rakell in Bruins zone.
14:01 of 2nd period - Icing by Noah Hanifin.
14:02 of 2nd period - Tomas Plekanec wins face-off versus Rickard Rakell in Bruins zone.
14:40 of 2nd period - Shot by Rickard Rakell.
14:40 of 2nd period - Stopped by Sergei Bobrovsky without a rebound.
14:41 of 2nd period - Jamie Benn wins face-off versus Alexander Wennberg in Bruins zone.
15:19 of 2nd period - Shot by Victor Hedman.
15:19 of 2nd period - Shot Misses the Net.
16:07 of 2nd period - Shot by Connor Carrick.
16:07 of 2nd period - Stopped by Sergei Bobrovsky without a rebound.
16:08 of 2nd period - Eric Staal wins face-off versus Tomas Plekanec in Bruins zone.
16:08 of 2nd period - Eric Staal is hit by Noah Hanifin.
16:17 of 2nd period - Icing by Noah Hanifin.
16:18 of 2nd period - Daniel Winnik wins face-off versus Tomas Plekanec in Bruins zone.
16:21 of 2nd period - Shot by Daniel Winnik.
16:21 of 2nd period - Shot Misses the Net.
16:46 of 2nd period - Shot by Brock Boeser.
16:46 of 2nd period - Stopped by Craig Anderson without a rebound.
16:47 of 2nd period - Jamie Benn wins face-off versus Eric Staal in Senators zone.
16:58 of 2nd period - Shot by Mark Stone.
16:58 of 2nd period - Shot Misses the Net.
17:10 of 2nd period - Shot by Mark Stone.
17:10 of 2nd period - Stopped by Sergei Bobrovsky without a rebound.
17:11 of 2nd period - Alexander Wennberg wins face-off versus Johan Larsson in Bruins zone.
17:12 of 2nd period - Shot by Patrick Kane.
17:12 of 2nd period - Shot Misses the Net.
18:35 of 2nd period - Shot by Eric Staal.
18:35 of 2nd period - Goal by Eric Staal - Senators : 1 - Bruins : 1.
18:36 of 2nd period - Tomas Plekanec wins face-off versus Matt Stajan in neutral zone.
19:00 of 2nd period - Ryan Spooner is hit by Connor Carrick and loses puck.
Goals for this period are 1 for Senators vs 0 for Bruins.
Shots for this period are 8 for Senators vs 18 for Bruins.

3rd period


0:01 of 3rd period - Eric Staal wins face-off versus Jamie Benn in neutral zone.
0:12 of 3rd period - Shot by Eric Staal.
0:12 of 3rd period - Shot Misses the Net.
0:14 of 3rd period - Shot by Adam Larsson.
0:14 of 3rd period - Shot Blocked by P.K. Subban.
0:16 of 3rd period - Shot by Adam Larsson.
0:16 of 3rd period - Stopped by Sergei Bobrovsky with a rebound.
0:18 of 3rd period - Shot by Eric Staal.
0:18 of 3rd period - Shot Blocked by P.K. Subban.
0:20 of 3rd period - Shot by Rickard Rakell.
0:20 of 3rd period - Stopped by Sergei Bobrovsky without a rebound.
0:21 of 3rd period - Tomas Plekanec wins face-off versus Alexander Wennberg in Bruins zone.
0:21 of 3rd period - Tomas Plekanec is hit by Vladimir Tarasenko.
0:41 of 3rd period - Patrick Kane is hit by Noah Hanifin and loses puck.
1:10 of 3rd period - Off-side.
1:11 of 3rd period - Eric Staal wins face-off versus Jamie Benn in neutral zone.
1:35 of 3rd period - Icing by Eric Staal.
1:36 of 3rd period - Mark Stone wins face-off versus Johan Larsson in Senators zone.
1:54 of 3rd period - Shot by Eric Staal.
1:54 of 3rd period - Shot Misses the Net.
2:07 of 3rd period - Icing by Jakob Chychrun.
2:08 of 3rd period - Eric Staal wins face-off versus Jamie Benn in Senators zone.
2:46 of 3rd period - Shot by Brendan Gallagher.
2:46 of 3rd period - Stopped by Craig Anderson with a rebound.
3:30 of 3rd period - Shot by Brock Boeser.
3:30 of 3rd period - Stopped by Craig Anderson without a rebound.
3:31 of 3rd period - Johan Larsson wins face-off versus Matt Stajan in Senators zone.
3:45 of 3rd period - Shot by Joel Ward.
3:45 of 3rd period - Stopped by Sergei Bobrovsky without a rebound.
3:46 of 3rd period - Daniel Winnik wins face-off versus Joel Eriksson Ek in Bruins zone.
4:11 of 3rd period - Shot by Jamie Benn.
4:11 of 3rd period - Deflect By Kevin Fiala.
4:11 of 3rd period - Shot Blocked by Jakob Chychrun.
4:19 of 3rd period - Shot by Jamie Benn.
4:19 of 3rd period - Shot Blocked by Brian Gionta.
4:25 of 3rd period - Shot by Joel Eriksson Ek.
4:25 of 3rd period - Shot Misses the Net.
4:27 of 3rd period - Shot by Victor Hedman.
4:27 of 3rd period - Shot Blocked by Jakob Chychrun.
4:55 of 3rd period - Shot by Brock Boeser.
4:55 of 3rd period - Deflect By Ryan Spooner.
4:55 of 3rd period - Stopped by Craig Anderson with a rebound.
5:31 of 3rd period - Shot by Eric Staal.
5:31 of 3rd period - Shot Misses the Net.
5:42 of 3rd period - Johan Larsson is hit by Robert Hagg.
7:31 of 3rd period - Icing by P.K. Subban.
7:32 of 3rd period - Jamie Benn wins face-off versus Vladimir Tarasenko in Bruins zone.
7:32 of 3rd period - Jamie Benn is hit by Vladimir Tarasenko.
7:39 of 3rd period - Off-side.
7:40 of 3rd period - Daniel Winnik wins face-off versus Brock Boeser in neutral zone.
8:08 of 3rd period - Shot by Brock Boeser.
8:08 of 3rd period - Stopped by Craig Anderson without a rebound.
8:09 of 3rd period - Alexander Wennberg wins face-off versus Johan Larsson in Senators zone.
8:19 of 3rd period - Patrick Kane is hit by Paul Postma and loses puck.
8:22 of 3rd period - Shot by Patrick Kane.
8:22 of 3rd period - Shot Misses the Net.
8:24 of 3rd period - Shot by Alexander Wennberg.
8:24 of 3rd period - Shot Blocked by Jonas Brodin.
8:26 of 3rd period - Shot by Vladimir Tarasenko.
8:26 of 3rd period - Deflect By Patrick Kane.
8:26 of 3rd period - Stopped by Sergei Bobrovsky without a rebound.
8:27 of 3rd period - Matt Stajan wins face-off versus Brock Boeser in Bruins zone.
9:27 of 3rd period - Shot by Eric Staal.
9:27 of 3rd period - Stopped by Sergei Bobrovsky without a rebound.
9:28 of 3rd period - Johan Larsson wins face-off versus Alexander Wennberg in Bruins zone.
9:39 of 3rd period - Shot by Vladimir Tarasenko.
9:39 of 3rd period - Shot Blocked by P.K. Subban.
10:29 of 3rd period - Shot by Mark Stone.
10:29 of 3rd period - Shot Misses the Net.
11:02 of 3rd period - Icing by Victor Hedman.
11:03 of 3rd period - Daniel Winnik wins face-off versus Johan Larsson in Bruins zone.
11:06 of 3rd period - Shot by Connor Brown.
11:06 of 3rd period - Stopped by Sergei Bobrovsky without a rebound.
11:07 of 3rd period - Jamie Benn wins face-off versus Brian Gionta in Bruins zone.
12:36 of 3rd period - Icing by Eric Staal.
12:37 of 3rd period - Eric Staal wins face-off versus Joel Eriksson Ek in Senators zone.
12:54 of 3rd period - Shot by Jamie Benn.
12:54 of 3rd period - Goal by Jamie Benn - Senators : 1 - Bruins : 2.
12:55 of 3rd period - Jamie Benn wins face-off versus Alexander Wennberg in neutral zone.
13:14 of 3rd period - Shot by Brendan Gallagher.
13:14 of 3rd period - Deflect By Jamie Benn.
13:14 of 3rd period - Stopped by Craig Anderson without a rebound.
13:15 of 3rd period - Tomas Plekanec wins face-off versus Matt Stajan in Senators zone.
13:15 of 3rd period - Tomas Plekanec is hit by Justin Falk.
13:19 of 3rd period - Shot by Tomas Plekanec.
13:19 of 3rd period - Stopped by Craig Anderson without a rebound.
13:20 of 3rd period - Tomas Plekanec wins face-off versus Alexander Wennberg in Senators zone.
13:44 of 3rd period - Shot by Ryan Spooner.
13:44 of 3rd period - Stopped by Craig Anderson without a rebound.
13:45 of 3rd period - Johan Larsson wins face-off versus Eric Staal in Senators zone.
14:04 of 3rd period - Minor Penalty to Noah Hanifin for Hooking.
14:05 of 3rd period - Jamie Benn wins face-off versus Patrick Kane in Bruins zone.
14:26 of 3rd period - Shot by Patrick Kane.
14:26 of 3rd period - Shot Misses the Net.
14:28 of 3rd period - Shot by Alexander Wennberg.
14:28 of 3rd period - Shot Misses the Net.
14:32 of 3rd period - Shot by Vladimir Tarasenko.
14:32 of 3rd period - Deflect By Patrick Kane.
14:32 of 3rd period - Goal by Patrick Kane - Senators : 2 - Bruins : 2.
14:33 of 3rd period - Eric Staal wins face-off versus Tomas Plekanec in neutral zone.
14:57 of 3rd period - Icing by Mark Stone.
14:58 of 3rd period - Jamie Benn wins face-off versus Eric Staal in Senators zone.
15:15 of 3rd period - Shot by P.K. Subban.
15:15 of 3rd period - Shot Misses the Net.
15:31 of 3rd period - Shot by Nick Schmaltz.
15:31 of 3rd period - Shot Misses the Net.
15:33 of 3rd period - Shot by Victor Hedman.
15:33 of 3rd period - Shot Misses the Net.
15:48 of 3rd period - Icing by Jakob Chychrun.
15:49 of 3rd period - Eric Staal wins face-off versus Tomas Plekanec in Senators zone.
16:10 of 3rd period - Shot by Brock Boeser.
16:10 of 3rd period - Deflect By Ryan Spooner.
16:10 of 3rd period - Stopped by Craig Anderson without a rebound.
16:11 of 3rd period - Johan Larsson wins face-off versus Alexander Wennberg in Senators zone.
16:14 of 3rd period - Shot by Nino Niederreiter.
16:14 of 3rd period - Stopped by Craig Anderson without a rebound.
16:15 of 3rd period - Alexander Wennberg wins face-off versus Johan Larsson in Senators zone.
16:52 of 3rd period - Shot by Markus Granlund.
16:52 of 3rd period - Stopped by Craig Anderson with a rebound.
16:59 of 3rd period - Icing by Robert Hagg.
17:00 of 3rd period - Alexander Wennberg wins face-off versus Jamie Benn in Senators zone.
17:23 of 3rd period - Icing by Victor Hedman.
17:24 of 3rd period - Matt Stajan wins face-off versus Jamie Benn in Bruins zone.
17:29 of 3rd period - Shot by Matt Stajan.
17:29 of 3rd period - Shot Misses the Net.
17:31 of 3rd period - Shot by Jason Chimera.
17:31 of 3rd period - Stopped by Sergei Bobrovsky without a rebound.
17:32 of 3rd period - Tomas Plekanec wins face-off versus Eric Staal in Bruins zone.
17:47 of 3rd period - Shot by Brock Boeser.
17:47 of 3rd period - Shot Blocked by Connor Carrick.
17:49 of 3rd period - Shot by Tomas Plekanec.
17:49 of 3rd period - Stopped by Craig Anderson with a rebound.
18:11 of 3rd period - Shot by Ryan Spooner.
18:11 of 3rd period - Deflect By Brock Boeser.
18:11 of 3rd period - Shot Blocked by Mark Stone.
18:41 of 3rd period - Shot by Brendan Gallagher.
18:41 of 3rd period - Shot Misses the Net.
18:43 of 3rd period - Shot by P.K. Subban.
18:43 of 3rd period - Deflect By Brendan Gallagher.
18:43 of 3rd period - Stopped by Craig Anderson without a rebound.
18:44 of 3rd period - Johan Larsson wins face-off versus Daniel Winnik in Senators zone.
18:45 of 3rd period - Shot by Markus Granlund.
18:45 of 3rd period - Stopped by Craig Anderson without a rebound.
18:46 of 3rd period - Johan Larsson wins face-off versus Alexander Wennberg in Senators zone.
18:53 of 3rd period - Shot by Jakob Chychrun.
18:53 of 3rd period - Stopped by Sergei Bobrovsky without a rebound.
18:54 of 3rd period - Jamie Benn wins face-off versus Alexander Wennberg in Bruins zone.
18:54 of 3rd period - Nick Schmaltz is hit by Vladimir Tarasenko and loses puck.
18:59 of 3rd period - Shot by Patrick Kane.
18:59 of 3rd period - Shot Misses the Net.
19:01 of 3rd period - Shot by Adam Larsson.
19:01 of 3rd period - Shot Blocked by Brendan Gallagher.
19:03 of 3rd period - Shot by Jakob Chychrun.
19:03 of 3rd period - Shot Blocked by Victor Hedman.
19:09 of 3rd period - Shot by Vladimir Tarasenko.
19:09 of 3rd period - Stopped by Sergei Bobrovsky without a rebound.
19:10 of 3rd period - Eric Staal wins face-off versus Ryan Spooner in Bruins zone.
19:10 of 3rd period - Mark Stone is hit by Torey Krug and loses puck.
19:30 of 3rd period - Off-side.
19:31 of 3rd period - Jamie Benn wins face-off versus Daniel Winnik in neutral zone.
19:38 of 3rd period - Shot by Jamie Benn.
19:38 of 3rd period - Shot Misses the Net.
19:40 of 3rd period - Shot by Jamie Benn.
19:40 of 3rd period - Goal by Jamie Benn - Senators : 2 - Bruins : 3.
19:41 of 3rd period - Eric Staal wins face-off versus Jamie Benn in neutral zone.
19:54 of 3rd period - Shot by Nick Schmaltz.
19:54 of 3rd period - Shot Blocked by Adam Larsson.
19:56 of 3rd period - Shot by Victor Hedman.
19:56 of 3rd period - Stopped by Craig Anderson without a rebound.
19:57 of 3rd period - Eric Staal wins face-off versus Nick Schmaltz in Senators zone.
Goals for this period are 1 for Senators vs 2 for Bruins.
Shots for this period are 10 for Senators vs 16 for Bruins.